 Dungeon Crawl Stone Soup version 0.29.1-15-g9cfb28693d (webtiles) character file.

Game seed: 6325987357321374860

109 booth the Firebug (level 4, -2/30 HPs)
             Began as a Demonspawn Fire Elementalist on Mar 6, 2023.
             Was a Follower of Wu Jian.
             Slain by a gnoll
             ... wielding a +0 club
              (7 damage)
             ... on level 3 of the Dungeon.
             The game lasted 00:21:37 (3398 turns).

booth the Firebug (Demonspawn Fire Elementalist)    Turns: 3398, Time: 00:21:38

Health: -2/30      AC:  4    Str:  8    XL:     4   Next: 59%
Magic:  0/7        EV: 12    Int: 18    God:    Wu Jian [*.....]
Gold:   182        SH:  0    Dex: 14    Spells: 2/8 levels left

rFire   . . .      SeeInvis .   i - +0 whip
rCold   . . .      Faith    .   (no shield)
rNeg    . . .      Spirit   .   a - +0 robe
rPois   .          Reflect  .   (helmet restricted)
rElec   .          Harm     .   (no cloak)
rCorr   .          Rampage  .   (no gloves)
Will    .....                   (no boots)
Stlth   ++........              (no amulet)
HPRegen 0.10/turn               (no ring)
MPRegen 0.10/turn               (no ring)

@: studying Poison Magic
A: antennae 1, slimy green scales 1
a: Renounce Religion


You were on level 3 of the Dungeon.
You worshipped Wu Jian.
Wu Jian was aware of your devotion.
You visited 1 branch of the dungeon, and saw 3 of its levels.

You collected 182 gold pieces.

Inventory:

Hand Weapons
 i - a +0 whip (weapon)
 o - a +1 dagger of draining
 p - a +0 war axe
Armour
 a - a +0 robe (worn)
 m - a +0 leather armour
Scrolls
 c - a scroll of magic mapping {unknown}
 d - a scroll of butterflies
 e - a scroll of blinking {unknown}
 g - a scroll of enchant armour {unknown}
 h - a scroll of acquirement {unknown}
 j - a scroll of immolation {unknown}
 n - a scroll of teleportation {unknown}
 q - a scroll of vulnerability {unknown}
 r - a scroll of identify
Potions
 b - a potion of magic
 f - a potion of invisibility
 k - a potion of might
 l - a potion of mutation {unknown}


   Skills:
 + Level 2.4 Dodging
 + Level 2.6 Stealth
 + Level 2.6 Spellcasting
 + Level 2.1 Conjurations
 + Level 3.3 Fire Magic


You had 2 spell levels left.
You knew the following spells:

 Your Spells              Type           Power      Damage    Failure   Level
a - Foxfire               Conj/Fire      48%        2x1d6     5%          1
b - Scorch                Fire           28%        2d6       7%          2
c - Conjure Flame         Conj/Fire      12%        6-21      17%         3

Your spell library contained the following spells:

 Spells                   Type           Power      Damage    Failure   Level
 Slow                     Hex            8%         N/A       17%         1
 Inner Flame              Hex/Fire       8%         N/A       26%         3
 Confusing Touch          Hex            2%         N/A       45%         3
 Vampiric Draining        Necr           2%         2d6       45%         3
 Flame Wave               Conj/Fire      12%        2d6       50%         4


Dungeon Overview and Level Annotations

Branches:
Dungeon (3/15)

Altars:
Gozag
Vehumet
Wu Jian


Innate Abilities, Weirdness & Mutations

You have a pair of small antennae on your head.
You are partially covered in slimy green scales. (AC +2)


Message History

The gnoll is lightly wounded.
The foxfire hits the gnoll.
The gnoll is heavily wounded.
Casting: Foxfire (safe; 6% risk of failure)
Confirm with . or Enter, or press ? or * to list all spells.
You conjure some foxfire!
The gnoll is no longer more vulnerable to fire.
The gnoll hits you from afar with a +0 spear!
The foxfire hits the gnoll.
The gnoll is severely wounded.
The foxfire hits the gnoll.
The gnoll is almost dead.
You barely miss the gnoll.
The gnoll is almost dead.
The gnoll barely misses you. The gnoll hits you with a +0 club.
You spin to attack the gnoll, but your attack speed is too slow for a blow to land.
The gnoll completely misses you. The gnoll hits you but does no damage.
You hit the gnoll.
The gnoll is lightly wounded.
The gnoll barely misses you.
The gnoll hits you from afar with a +0 spear.
* * * LOW HITPOINT WARNING * * *
The gnoll misses you.
You spin and attack the gnoll.
You closely miss the gnoll.
The gnoll is lightly wounded.
The gnoll hits you with a +0 club.
* * * LOW HITPOINT WARNING * * *
The gnoll hits you but does no damage.
You spin and attack the gnoll.
You hit the gnoll.
The gnoll is moderately wounded.
You spin and attack the gnoll.
You hit the gnoll.
You kill the gnoll!
The Council accepts your kill. The gnoll misses you.
The gnoll barely misses you.
The gnoll hits you from afar with a +0 spear.
* * * LOW HITPOINT WARNING * * *
Casting: Foxfire (safe; 5% risk of failure)
Confirm with . or Enter, or press ? or * to list all spells.
You conjure some foxfire!
The gnoll hits you with a +0 club!
You die...

#.# ###.# ##### #.# #.#####
#.... #.#####.#...# #..$.
#.#...#.#.#.###
#...^######.#.#.#.......#
.....'.......<.......>#.#######
#...?##.###.#<.g.)....#.#.....#
#.... #.# #.#...gv......#.###.#
#$... #.# #.#.#.@v........# #.#
#..gg #.# #.#.###........## #.#
#.... #.# #.#.# #.###.##.# #.#
##### #.###.#.# #.# #.##.####.#
#.......# #.# #.##......#
#####.### #.# #.######### #.#
#.# #.# #.# .# #.# #.. #.#


You could see 2 gnolls.

Vanquished Creatures
  2 adders
  2 gnolls (D:3)
  4 dart slugs
  4 ball pythons
  4 bats
  6 endoplasms
  A giant cockroach (D:1)
  11 goblins
  2 hobgoblins (D:2)
  5 jackals (D:2)
  2 quokkas
  2 frilled lizards (D:1)
  9 kobolds
  4 rats
58 creatures vanquished.

Vanquished Creatures (others)
  134 foxfires
134 creatures vanquished.

Grand Total: 192 creatures vanquished

Notes
Turn   | Place    | Note
-------+----------+-------------------------------------------
     0 | D:1      | booth the Demonspawn Fire Elementalist began the quest for
                  | the Orb.
     0 | D:1      | Reached XP level 1. HP: 13/13 MP: 3/3
   352 | D:1      | Gained mutation: You have a pair of small antennae on your
                  | head. [demonic ancestry]
   352 | D:1      | Reached XP level 2. HP: 5/19 MP: 1/5
  1342 | D:1      | Reached skill level 3 in Fire Magic
  1342 | D:1      | Reached XP level 3. HP: 24/24 MP: 4/6
  1563 | D:2      | Learned a level 2 spell: Scorch
  1567 | D:2      | Learned a level 3 spell: Conjure Flame
  2468 | D:2      | Gained mutation: You are partially covered in slimy green
                  | scales. (AC +2) [demonic ancestry]
  2468 | D:2      | Reached XP level 4. HP: 30/30 MP: 3/7
  2551 | D:2      | Found a faded altar of an unknown god.
  2566 | D:2      | Prayed at the altar of an unknown god.
  2566 | D:2      | Became a worshipper of the Wu Jian Council
  2566 | D:2      | Reached * piety under Wu Jian
  3148 | D:3      | Found a radiant altar of Vehumet.
  3344 | D:3      | Found an ornate altar of the Wu Jian Council.
  3344 | D:3      | Found an opulent altar of Gozag.
  3398 | D:3      | Slain by a gnoll

Illustrated notes

Levels and vault maps discovered:
D:1:      minmay_arrival_diagonal_passages, layout_basic,
          amcnicky_mini_corridor_feature, grunt_decor_mini_mirrors,
          minmay_strange_pillars, minmay_pentomino_t2
D:2:      layout_basic, chequers_ecumenical_altar_grove, chequers_arboretum,
          minmay_fountain_box, hangedman_glass_teeth, nicolae_underground_beach
D:3:      layout_basic, nicolae_vehumet_radiance, zin_academy,
          gammafunk_temple_overflow_elements, st_stairs_11

Skill      XL: |  1  2  3  4 |
---------------+-------------+-----
Stealth        | 2 |  2.6
Dodging        | 2 |  2.4
Fire Magic     | 3 |  3.3
Conjurations   | 2 |  2.1
Spellcasting   | |  2.6

Action                   |  1- 3 |  4- 6 || total
-------------------------+-------+-------++-------
Melee: Unarmed           |    13 |       ||    13
       Whip              |    25 |    23 ||    48
 Cast: Foxfire           |    63 |    22 ||    85
       Scorch            |       |     2 ||     2
Invok: Whirlwind         |       |     4 ||     4
       Lunge             |       |     1 ||     1
  Use: Scroll            |     3 |       ||     3
 Stab: Sleeping          |     1 |       ||     1
Armor: Robe              |    17 |     8 ||    25
Dodge: Dodged            |    45 |    28 ||    73
